 Dungeon Crawl Stone Soup version 0.18-a0-965-g9200175 (webtiles) character file.

56 Yawgmoth the Digger (level 3, -2/19 HPs)
             Began as a Gargoyle Earth Elementalist on Jan 1, 2016.
             Slain by a gnoll
             ... wielding a +0 halberd
              (15 damage)
             ... on level 2 of the Dungeon.
             The game lasted 00:08:07 (1939 turns).

Yawgmoth the Digger (Gargoyle Earth Elementalist)   Turns: 1939, Time: 00:08:07

Health: -2/19      AC:  6    Str: 11    XL:     3   Next: 95%
Magic:  5/7        EV: 12    Int: 16    God:
Gold:   94         SH:  0    Dex: 10    Spells: 1 memorised, 6 levels left

rFire  . . .     SeeInvis .     (no weapon)
rCold  . . .     Gourm    .     a - +0 robe
rNeg   + . .     Faith    .     (no shield)
rPois  ∞         Spirit   .     i - +1 hat
rElec  +         Dismiss  .     (no cloak)
rCorr  .         Reflect  .     (no gloves)
SustAt .         Harm     .     (no boots)
MR     .....                    (no amulet)
Stlth  ++........               (no ring)
                                (no ring)

@: not resistant to hostile enchantments, unstealthy
A: negative energy resistance 1, electricity resistance, unbreathing,
petrification resistance, rot immunity, AC +3
a: no special abilities


You were on level 2 of the Dungeon.
You were not hungry.

You visited 1 branch of the dungeon, and saw 2 of its levels.

You collected 94 gold pieces.

Inventory:

Hand Weapons
 b - a +0 whip
 j - a +0 club
Armour
 a - a +0 robe (worn)
 i - a +1 hat (worn)
Scrolls
 g - a scroll of fear {unknown}
 m - a scroll of enchant weapon {unknown}
 o - 3 scrolls of identify {unknown}
Potions
 e - 3 potions of curing {unknown}
 n - 2 potions of lignification {unknown}
 p - a potion of poison {unknown}
Books
 c - a book of Geomancy

   Spells                             Type                      Level
   a - Sandblast                      Earth                        1
   b - Stoneskin                      Transmutation/Earth          2
   c - Passwall                       Transmutation/Earth          3
   d - Stone Arrow                    Conjuration/Earth            3
   e - Petrify                        Transmutation/Earth          4
   f - Lee's Rapid Deconstruction     Earth                        5
Comestibles
 d - a bread ration
 f - 3 fruits
 h - 2 slices of pizza
 k - 2 chunks of flesh
 l - a meat ration


   Skills:
 - Level 1.6 Dodging
 - Level 2.2 Stealth
 + Level 2.6 Spellcasting
   Level 0.7 Transmutations
 + Level 5.0 Earth Magic


You had 6 spell levels left.
You knew the following spells:

 Your Spells              Type           Power        Failure   Level  Hunger
a - Sandblast             Erth           ###...       2%          1    #......


Dungeon Overview and Level Annotations

Branches:
Dungeon (2/15)

Altars:


Innate Abilities, Weirdness & Mutations

You are resistant to torment.
Your stone body is resilient (AC +3).
You are immune to poison.
You resist negative energy.
You are resistant to electric shocks.
You can survive without breathing.
You are immune to petrification.
You are immune to rotting.


Message History

The blast of sand hits the gnoll.
The gnoll hits you from afar with a halberd!
Casting: Sandblast
Confirm with . or Enter, or press ? or * to list all spells.
Aiming: Sandblast
Press: ? - help, Shift-Dir - straight line, f/p - gnoll
Aim: a gnoll, wielding a halberd
Okay, then.
Unknown command.
Unknown command.
Casting: Sandblast
Confirm with . or Enter, or press ? or * to list all spells.
Aiming: Sandblast
Press: ? - help, Shift-Dir - straight line, f/p - gnoll
Aim: a gnoll, wielding a halberd The blast of sand hits the gnoll.
The gnoll is heavily wounded.
The gnoll hits you from afar with a halberd!
Ouch! That really hurt!
You die...

#.#........ #.#.##.####
#..÷...# #... #......#
#...# ###.#### #...#
######.###### #...#
#...........#
######...#####.####....#...
#.........@.g..####).#.#...
..........#...............
....................#.#...
####...#####.####.......[
#...# #... ...#.#### #...#
#.##......# #...#
#>##.##.### #...# #.... ..#
# ##.## #.... ..# ##


You could see a gnoll.

Vanquished Creatures
  A gnoll (D:2)
  An adder (D:2)
  A giant gecko (D:1)
  9 bats
  3 giant cockroaches (D:1)
  2 goblins (D:1)
  7 hobgoblins
  4 jackals (D:1)
  3 kobolds (D:1)
31 creatures vanquished.

Notes
Turn   | Place    | Note
--------------------------------------------------------------
     0 | D:1      | Yawgmoth the Gargoyle Earth Elementalist began the quest for the Orb.
     0 | D:1      | Reached XP level 1. HP: 10/10 MP: 3/3
   152 | D:1      | Reached skill level 4 in Earth Magic
   152 | D:1      | Reached XP level 2. HP: 15/15 MP: 0/5
   817 | D:1      | Reached XP level 3. HP: 19/19 MP: 4/6
  1882 | D:2      | Reached skill level 5 in Earth Magic
  1939 | D:2      | Slain by a gnoll

Vault maps used:
D:1:      lightli_arrival_isolated_outpost, minmay_misc_feat_enclosed,
          serial_bayou_lagoon_a
D:2:      lemuel_round_altar, minmay_misc_feat_plants, serial_bayou_pond_c

Action                   || total
-------------------------++-------
Melee: Club              ||   137
Throw: Stone             ||     8
 Cast: Sandblast         ||    53
 Stab: Sleeping          ||     1
  Eat: Royal jelly       ||     1
       Fruit             ||     1
       Chunk             ||     1
